[ PARTIDA AOE2 · #494409205 ]
UnrankedCumanos vs Khmer
Equipo del jugador · VICT
Equipo rival · DERR
[ ANÁLISIS DE REPETICIÓN · EXTRAÍDO DE LA PARTIDA GRABADA ]
Feudal
9:30
Castillos
—
Imperial
—
| APM promedio | 24.9 |
| APM pico | 59 |
| eAPM promedio | 11.5 |
| Aldeanos / militares | 30 / 5 |
Foco
⚔️ 22.7% · 🌾 77.3%
Battering Ram ×5
Feudal
12:12
Castillos
—
Imperial
—
| APM promedio | 41.2 |
| APM pico | 106 |
| eAPM promedio | 16.2 |
| Aldeanos / militares | 45 / 3 |
Foco
⚔️ 8.9% · 🌾 91.1%
Scout Cavalry ×3
Mapa de la partida
Recursos iniciales + cada clic de construcción. Líneas = muros · curvas = relieve. ◆ oro · ⬟ piedra · ● bayas · ✦ reliquia · ◌ hueco del cierre
Tu base· ✓ Cerrada en 12:00 · 0t muro · 2 puerta(s)
Base de nachomendozarg· ✓ Cerrada en 16:16 · 12t muro · 4 puerta(s)
Terreno inicial suavizado · ◌ = hueco del cierre detectado · pasá el cursor para detalles
Inputs por minuto
— Dr. Delta - - nachomendozarg
Build order — Dr. Delta
56 acciones detectadas en el replay
| 0:01 | Crear | Villager (Male) |
| 0:01 | Crear | Villager (Male) |
| 0:01 | Crear | Villager (Male) |
| 0:02 | Construir | House |
| 0:04 | Construir | House |
| 0:49 | Crear | Villager (Male) |
| 0:50 | Crear | Villager (Male) |
| 1:33 | Crear | Villager (Male) |
| 2:14 | Crear | Villager (Male) |
| 2:15 | Crear | Villager (Male) |
| 2:15 | Crear | Villager (Male) |
| 2:15 | Crear | Villager (Male) |
| 2:45 | Construir | Lumber Camp |
| 3:07 | Crear | Villager (Male) |
| 3:36 | Construir | House |
| 4:17 | Crear | Villager (Male) |
| 4:18 | Crear | Villager (Male) |
| 4:18 | Crear | Villager (Male) |
| 5:34 | Crear | Villager (Male) |
| 6:01 | Crear | Villager (Male) |
| 6:03 | Construir | Mining Camp |
| 6:27 | Crear | Villager (Male) |
| 6:44 | Crear | Villager (Male) |
| 6:47 | Construir | House |
| 7:20 | Investigar | Feudal Age |
| 7:31 | Construir | Mining Camp |
| 8:09 | Investigar | Loom |
| 8:38 | Crear | Villager (Male) |
| 8:38 | Crear | Villager (Male) |
| 8:46 | Crear | Villager (Male) |
| 9:30 | Edad | Edad Feudal |
| 9:40 | Construir | Blacksmith |
| 9:51 | Construir | Watch Tower |
| 10:36 | Construir | Siege Workshop |
| 10:57 | Crear | Villager (Male) |
| 11:01 | Construir | House |
| 11:36 | Crear | Villager (Male) |
| 11:53 | Crear | Battering Ram |
| 11:53 | Crear | Battering Ram |
| 12:18 | Construir | Watch Tower |
| 12:33 | Crear | Villager (Male) |
| 12:51 | Construir | Watch Tower |
| 13:14 | Investigar | Fletching |
| 14:09 | Crear | Battering Ram |
| 14:11 | Crear | Villager (Male) |
| 14:11 | Crear | Villager (Male) |
| 14:19 | Construir | Mill |
| 15:33 | Construir | Watch Tower |
| 15:36 | Crear | Battering Ram |
| 16:20 | Crear | Villager (Male) |
| 16:22 | Crear | Villager (Male) |
| 16:32 | Construir | Watch Tower |
| 16:44 | Construir | House |
| 17:14 | Crear | Battering Ram |
| 18:11 | Crear | Villager (Male) |
| 18:12 | Crear | Villager (Male) |
Build order — nachomendozarg
95 acciones detectadas en el replay
| 0:02 | Crear | Villager (Male) |
| 0:02 | Crear | Villager (Male) |
| 0:02 | Crear | Villager (Male) |
| 0:04 | Construir | House |
| 0:06 | Construir | House |
| 0:10 | Crear | Villager (Male) |
| 0:10 | Crear | Villager (Male) |
| 1:31 | Crear | Villager (Male) |
| 1:31 | Crear | Villager (Male) |
| 2:01 | Construir | Lumber Camp |
| 2:05 | Crear | Villager (Male) |
| 2:06 | Crear | Villager (Male) |
| 2:32 | Crear | Villager (Male) |
| 2:32 | Crear | Villager (Male) |
| 2:50 | Crear | Villager (Male) |
| 2:51 | Crear | Villager (Male) |
| 3:33 | Construir | House |
| 3:35 | Crear | Villager (Male) |
| 3:35 | Crear | Villager (Male) |
| 3:53 | Crear | Villager (Male) |
| 3:54 | Crear | Villager (Male) |
| 4:24 | Construir | Mill |
| 4:26 | Crear | Villager (Male) |
| 4:27 | Crear | Villager (Male) |
| 5:02 | Crear | Villager (Male) |
| 5:02 | Crear | Villager (Male) |
| 5:03 | Crear | Villager (Male) |
| 5:03 | Crear | Villager (Male) |
| 5:44 | Crear | Villager (Male) |
| 5:44 | Crear | Villager (Male) |
| 6:03 | Construir | House |
| 6:16 | Crear | Villager (Male) |
| 6:17 | Crear | Villager (Male) |
| 6:27 | Crear | Villager (Male) |
| 6:27 | Crear | Villager (Male) |
| 6:28 | Crear | Villager (Male) |
| 7:00 | Crear | Villager (Male) |
| 7:00 | Crear | Villager (Male) |
| 7:01 | Crear | Villager (Male) |
| 7:01 | Crear | Villager (Male) |
| 7:01 | Crear | Villager (Male) |
| 7:48 | Crear | Villager (Male) |
| 8:08 | Crear | Villager (Male) |
| 8:13 | Construir | House |
| 9:18 | Investigar | Feudal Age |
| 9:49 | Construir | Farm |
| 10:07 | Crear | Villager (Male) |
| 10:13 | Construir | Mining Camp |
| 10:34 | Construir | House |
| 10:37 | Crear | Villager (Male) |
| 10:51 | Construir | Palisade Wall |
| 11:00 | Construir | Palisade Gate |
| 11:07 | Construir | House |
| 11:33 | Construir | Lumber Camp |
| 11:37 | Construir | House |
| 11:39 | Construir | Palisade Wall |
| 11:54 | Construir | Palisade Wall |
| 12:00 | Crear | Villager (Male) |
| 12:10 | Construir | House |
| 12:12 | Edad | Edad Feudal |
| 12:16 | Investigar | Loom |
| 12:20 | Construir | Watch Tower |
| 12:39 | Construir | Palisade Gate |
| 12:42 | Crear | Villager (Male) |
| 12:48 | Construir | Stable |
| 12:58 | Construir | Palisade Wall |
| 13:48 | Crear | Villager (Male) |
| 13:53 | Construir | Farm |
| 13:54 | Construir | Farm |
| 13:54 | Construir | Farm |
| 13:56 | Construir | Farm |
| 13:57 | Construir | Farm |
| 14:18 | Crear | Scout Cavalry |
| 14:20 | Construir | Farm |
| 14:21 | Construir | Farm |
| 14:21 | Construir | Farm |
| 14:21 | Construir | Farm |
| 14:57 | Construir | Farm |
| 15:13 | Construir | Farm |
| 15:13 | Construir | Farm |
| 15:21 | Crear | Villager (Male) |
| 15:35 | Construir | House |
| 15:37 | Construir | Farm |
| 16:16 | Investigar | Castle Age |
| 16:16 | Investigar | Castle Age |
| 16:16 | Investigar | Castle Age |
| 16:22 | Construir | Mining Camp |
| 16:31 | Crear | Scout Cavalry |
| 16:53 | Crear | Villager (Male) |
| 16:59 | Investigar | Horse Collar |
| 16:59 | Investigar | Horse Collar |
| 17:08 | Construir | Farm |
| 17:09 | Construir | Farm |
| 17:55 | Crear | Villager (Male) |
| 18:16 | Crear | Scout Cavalry |
Cronología de la partida
| 9:30 | Dr. Delta · age_up feudal |
| 10:36 | Dr. Delta · first_building Siege Workshop |
| 10:51 | nachomendozarg · wall_segment Palisade Wall x4 |
| 11:39 | nachomendozarg · wall_segment Palisade Wall x3 |
| 11:54 | nachomendozarg · wall_segment Palisade Wall x1 |
| 12:12 | nachomendozarg · age_up feudal |
| 12:48 | nachomendozarg · first_building Stable |
| 12:58 | nachomendozarg · wall_segment Palisade Wall x4 |
| 18:47 | nachomendozarg · resign |
[ ANÁLISIS IA · 1 CRÉDITO ]
¿Qué pasó realmente en esta partida?
Wolo.gg analiza cada decisión: build order, eco, micro, errores típicos por bracket. Análisis personalizado por WhatsApp o Discord en 30 segundos.
Guía civ
Cumanos
Perfil
Jugador #625204